 Dungeon Crawl Stone Soup version 0.18.1-48-g4cf74bf (console) character file.

345 Homage the Skirmisher (level 6, -8/57 HPs)
             Began as a Minotaur Fighter on July 13, 2016.
             Mangled by an ogre
             ... wielding a +0 giant club
              (15 damage)
             ... on level 4 of the Dungeon.
             The game lasted 00:08:35 (2276 turns).

Homage the Skirmisher (Minotaur Fighter)            Turns: 2276, Time: 00:08:35

Health: -8/57      AC: 13    Str: 21 (22) XL:     6   Next: 32%
Magic:  5/5        EV:  7    Int:  8      God:
Gold:   160        SH:  9    Dex: 10      Spells: 0 memorised, 5 levels left

rFire  . . .     SeeInvis .     a - +0 war axe
rCold  + . .     Gourm    .     s - +0 chain mail
rNeg   . . .     Faith    .     c - +0 shield
rPois  .         Spirit   .     i - +2 hat {Int+3} {!d!f}
rElec  .         Dismiss  .     k - +0 cloak
rCorr  .         Reflect  .     g - +0 pair of gloves
SustAt .         Harm     .     (no boots)
MR     .....                    (no amulet)
Stlth  ..........               t - ring of stealth
                                l - ring of protection from cold

@: drained, not resistant to hostile enchantments, extremely unstealthy
A: retaliatory headbutt, horns 2
a: no special abilities


You were on level 4 of the Dungeon.
You were not hungry.

You visited 1 branch of the dungeon, and saw 4 of its levels.

You collected 160 gold pieces.


Innate Abilities, Weirdness & Mutations

You reflexively headbutt those who attack you in melee.
You have a pair of horns on your head.


   Skills:
 - Level 5.9(5.8) Fighting
 - Level 2.4(2.2) Axes
 - Level 3.6(3.4) Armour
 - Level 5.0(4.8) Dodging
 + Level 4.3(4.2) Shields


You had 5 spell levels left.
You didn't know any spells.

Inventory:

Hand Weapons
 a - a +0 war axe (weapon)
Missiles
 e - 13 sling bullets
 r - 54 stones (quivered)
Armour
 c - a +0 shield (worn)
 g - a +0 pair of gloves (worn)
 i - a +2 hat of intelligence (worn) {!d!f}
 k - a +0 cloak (worn)
 s - a +0 chain mail (worn)
Jewellery
 l - a ring of protection from cold (left hand)
 t - a ring of stealth (right hand)
Scrolls
 j - 3 scrolls of identify
 n - a scroll of remove curse
 q - a scroll of teleportation
Potions
 d - a potion of might
 h - 2 potions of lignification {!q}
 o - a potion of resistance
Comestibles
 f - 3 bread rations
 m - a meat ration
 p - 17 chunks of flesh


Message History

The ogre hits you with a giant club!!
You are too injured to fight recklessly!
You hit the ogre.
The ogre is severely wounded.
The ogre hits you with a giant club.
* * * LOW HITPOINT WARNING * * *
Unknown command.
You hit the ogre.
The ogre is almost dead.
The ogre hits you with a giant club!
* * * LOW HITPOINT WARNING * * *
You hit the ogre but do no damage.
The ogre is almost dead.
The ogre barely misses you.
Read which item? (? for menu, Esc to quit)
Okay, then.
You hit the ogre.
The ogre is almost dead.
The ogre hits you with a giant club!
You die...

. ##. ##.. ...
#..# .. #..# ..#
###..###..#
#.........# #O#.#
.#
###.##@#.##.##..
...............#..
.###.#.##..####..#
##.#.##..# #.#
#......[.# #.#
......#..# ##.##
...#..#..# #...#
.........# #..<#
..###.#.## #.).#
####


You could see an ogre.

Vanquished Creatures
  Sigmund (D:3)
  A crimson imp (D:3)
  A giant frog skeleton (D:4)
  3 adders
  An ooze (D:3)
  2 worms
  4 dart slugs
  The ghost of CatHerder the Sneak, a weakling SpEn of Gozag (D:3)
  A giant gecko (D:3)
  5 orcs (D:4)
  2 ball pythons (D:3)
  7 bats
  8 giant cockroaches
  4 goblins
  3 hobgoblins
  6 jackals (D:3)
  7 kobolds
  3 quokkas
  8 giant newts
  7 rats
75 creatures vanquished.

Notes
Turn   | Place    | Note
--------------------------------------------------------------
     0 | D:1      | Homage the Minotaur Fighter began the quest for the Orb.
     0 | D:1      | Reached XP level 1. HP: 19/19 MP: 0/0
    78 | D:1      | Reached skill level 1 in Dodging
    91 | D:1      | Found a glowing golden altar of the Shining One.
   182 | D:1      | Reached XP level 2. HP: 26/26 MP: 1/1
   738 | D:1      | Reached XP level 3. HP: 28/31 MP: 2/2
   844 | D:2      | Reached skill level 3 in Dodging
   980 | D:2      | Found a radiant altar of Vehumet.
  1243 | D:3      | Noticed CatHerder's ghost (weakling SpEn)
  1247 | D:3      | Killed CatHerder's ghost
  1264 | D:3      | Reached XP level 4. HP: 39/39 MP: 3/3
  1763 | D:3      | Noticed Sigmund
  1774 | D:3      | Killed Sigmund
  1774 | D:3      | Reached XP level 5. HP: 39/50 MP: 4/4
  1774 | D:3      | Reached XP level 6. HP: 44/57 MP: 5/5
  2274 | D:4      | HP: 7/57 [ogre/giant club (8)]
  2276 | D:4      | Mangled by an ogre

Vault maps used:
D:1:      lightli_arrival_isolated_outpost, minivault_14, tso_metal_star
D:2:      vehumet_crystals, minmay_misc_feat_rows, eino_tiny_chamber
D:3:      uniq_sigmund
D:4:      nicolae_overflow_hidden_temple, gammafunk_temple_overflow_claw

Action                   |  1- 3 |  4- 6 || total
-------------------------+-------+-------++-------
Melee: War axe           |    96 |    82 ||   178
       Headbutt          |    11 |     7 ||    18
  Use: Potion            |     2 |     3 ||     5
       Scroll            |     7 |       ||     7
  Eat: Chunk             |     1 |     4 ||     5
Armor: Scale mail        |    53 |    38 ||    91
       Chain mail        |       |     2 ||     2
Dodge: Dodged            |    43 |    33 ||    76
Block: Shield            |    69 |    41 ||   110
